 Dungeon Crawl Stone Soup version 0.26.1-2-gb8aa6d0cf2 (webtiles) character file.

Game seed: 15867230482927952246

116 Allula97 the Ducker (level 4, -4/51 HPs)
             Began as a Demonspawn Gladiator on Feb 28, 2021.
             Killed from afar by Sigmund (9 damage)
             ... with a puff of flame
             ... on level 2 of the Dungeon.
             The game lasted 00:03:20 (1462 turns).

Allula97 the Ducker (Demonspawn Gladiator)          Turns: 1462, Time: 00:03:21

Health: -4/51      AC:  6    Str: 16      XL:     4   Next: 69%
Magic:  4/4        EV: 12    Int:  7 (9)  God:
Gold:   57         SH:  0    Dex: 11 (14) Spells: 3/3 levels left

rFire    . . .     SeeInvis .     - Unarmed
rCold    . . .     Faith    .   (no shield)
rNeg     . . .     Spirit   .   i - +0 ring mail
rPois    .         Reflect  .   c - +0 helmet
rElec    .         Harm     .   (no cloak)
rCorr    .         Rampage  .   (no gloves)
Will     .....                  (no boots)
Stlth    ..........             (no amulet)
HPRegen  0.17/turn              (no ring)
MPRegen  0.09/turn              (no ring)

@: berserking (expiring), flying, very slightly contaminated, invisible, very
quick
A: claws 1, spiny 1
a: no special abilities


You were on level 2 of the Dungeon.
You visited 1 branch of the dungeon, and saw 2 of its levels.

You collected 57 gold pieces.

Inventory:

Hand Weapons
 a - a +0 war axe
Missiles
 d - 2 throwing nets (quivered)
Armour
 b - a +0 leather armour
 c - a +0 helmet (worn)
 i - a +0 ring mail (worn)
Scrolls
 f - a scroll of remove curse {unknown}


   Skills:
 * Level 2.5 Fighting
 - Level 3.0 Axes
 - Level 1.7 Throwing
 * Level 1.6 Armour
 * Level 3.4 Dodging
 * Level 1.3 Stealth
 * Level 1.1 Unarmed Combat


You had 3 spell levels left.
You didn't know any spells.
Your spell library was empty.

Dungeon Overview and Level Annotations

Branches:
Dungeon (2/15)

Altars:

Annotations:
D:2 Sigmund


Innate Abilities, Weirdness & Mutations

You have sharp fingernails.
You are partially covered in sharp spines.


Message History

A red film seems to cover your vision as you go berserk!
You feel yourself moving faster!
You feel mighty! Sigmund barely misses you.
The frilled lizard barely misses you. The gnoll misses you.
You catch the helpless gnoll completely off-guard!
You claw the gnoll!
You kill the gnoll!
You claw the frilled lizard!
You kill the frilled lizard!
You closely miss Sigmund. You claw Sigmund!
Sigmund is moderately wounded.
Sigmund hits you with a cursed -3 scythe!
* * * LOW HITPOINT WARNING * * *
You barely miss Sigmund.
Sigmund is moderately wounded.
You barely miss Sigmund.
Sigmund is moderately wounded.
Sigmund points at you and mumbles some strange words.
The puff of flame hits you!
You die...

..........>......#....#
.................#.#.##
..#...................###
..#..##......[.....#.....
..........#.......
#########..#..g..
##(###### #K@# #@#....#
#.#..l.# #......#....#
...#####......# #......#
....#.. ....##. ... ###


You could see Sigmund and a kobold.

Vanquished Creatures
  A bullfrog skeleton (D:2)
  4 gnolls (D:2)
  An adder (D:2)
  3 dart slugs
  A leopard gecko (D:1)
  4 bats
  2 giant cockroaches (D:1)
  6 goblins
  3 hobgoblins
  2 jackals (D:1)
  2 frilled lizards (D:2)
  3 kobolds
  4 rats
36 creatures vanquished.

Notes
Turn   | Place    | Note
-------+----------+-------------------------------------------
     0 | D:1      | Allula97 the Demonspawn Gladiator began the quest for the
                  | Orb.
     0 | D:1      | Reached XP level 1. HP: 16/16 MP: 1/1
   497 | D:1      | Gained mutation: You have sharp fingernails. [demonic
                  | ancestry]
   497 | D:1      | Reached XP level 2. HP: 22/22 MP: 2/2
  1168 | D:2      | Gained mutation: You are partially covered in sharp spines.
                  | [demonic ancestry]
  1168 | D:2      | Reached XP level 3. HP: 21/27 MP: 3/3
  1208 | D:2      | Reached skill level 1 in Armour
  1208 | D:2      | Reached skill level 1 in Stealth
  1208 | D:2      | Reached XP level 4. HP: 21/34 MP: 4/4
  1446 | D:2      | Noticed Sigmund
  1455 | D:2      | Reached skill level 1 in Unarmed Combat
  1462 | D:2      | Killed from afar by Sigmund

Illustrated notes

Levels and vault maps discovered:
D:1:      co_arrival_square_in_a_square_in_a_square, layout_loops_cross
D:2:      layout_rooms, uniq_sigmund, uniq_crazy_yiuf_cottage

Skill      XL: |  1  2  3  4 |
---------------+-------------+-----
Dodging        | 3 |  3.4
Axes           | 3 |  3.0
Armour         | 1 |  1.6
Stealth        | 1 |  1.3
Unarmed Combat | 1 |  1.1
Fighting       | |  2.5
Throwing       | |  1.7

Action                   |  1- 3 |  4- 6 || total
-------------------------+-------+-------++-------
Melee: War axe           |    67 |       ||    67
       Unarmed           |    21 |    37 ||    58
Throw: Throwing net      |     2 |       ||     2
  Use: Potion            |       |     5 ||     5
 Stab: Held in net/web   |     1 |       ||     1
       Invisible         |       |     2 ||     2
Armor: Leather armour    |     8 |       ||     8
       Ring mail         |    17 |     9 ||    26
Dodge: Dodged            |    68 |    28 ||    96
